 Dungeon Crawl Stone Soup version 0.29-a0-330-g52719c12eb (webtiles) character file.

Game seed: 1644831663061870564

1908 kae the Firebug (level 8, 0/67 HPs)
             Began as a Demigod Fire Elementalist on May 9, 2022.
             Slain by an orc warrior
             ... wielding a +0 glaive
              (17 damage)
             ... on level 7 of the Dungeon.
             The game lasted 00:06:00 (9524 turns).

kae the Firebug (Demigod Fire Elementalist)         Turns: 9524, Time: 00:06:01

Health: 0/67       AC:  5    Str:  9    XL:     8   Next: 63%
Magic:  8/18       EV: 14    Int: 25    God:
Gold:   88         SH:  0    Dex: 14    Spells: 3/16 levels left

rFire   + . .      SeeInvis .   (no weapon)
rCold   . . .      Faith    .   (no shield)
rNeg    . . .      Spirit   .   a - +0 robe
rPois   .          Reflect  .   g - +2 hat
rElec   .          Harm     .   j - +0 cloak
rCorr   .          Rampage  .   (no gloves)
Will    +....                   (no boots)
Stlth   ++........              (no amulet)
HPRegen 0.21/turn               o - ring of willpower
MPRegen 0.16/turn               p - ring of protection from fire

@: no status effects
A: high MP 1, forlorn, divine attributes
a: no special abilities


You were on level 7 of the Dungeon.
You visited 1 branch of the dungeon, and saw 7 of its levels.

You collected 215 gold pieces.
You spent 127 gold pieces at shops.

Inventory:

Missiles
 m - a throwing net
Armour
 a - a +0 robe (worn)
 g - a +2 hat (worn)
 j - a +0 cloak (worn)
Jewellery
 o - a ring of willpower (left hand)
 p - a ring of protection from fire (right hand)
 s - the ring "Ryumis" {rElec rF- Will+ Int+4}
   (You found it on level 6 of the Dungeon)

   [ring of willpower]

   Int:       It affects your intelligence (+4).
   rF:        It makes you vulnerable to fire.
   rElec:     It insulates you from electricity.
   Will:      It increases your willpower.
 y - a ring of flight
Scrolls
 d - 2 scrolls of vulnerability
 f - 2 scrolls of identify
 h - 3 scrolls of fog
 i - 3 scrolls of magic mapping
 l - a scroll of immolation
 n - a scroll of teleportation
 q - 2 scrolls of enchant weapon {unknown}
 r - a scroll of noise {unknown}
 u - a scroll of brand weapon {unknown}
 v - a scroll of torment {unknown}
Potions
 b - a potion of mutation
 e - 6 potions of curing
 k - a potion of resistance
 t - a potion of brilliance
 w - a potion of ambrosia {unknown}
 x - a potion of attraction {unknown}


   Skills:
 + Level 4.5 Fighting
 + Level 5.0 Dodging
 - Level 1.7 Stealth
 + Level 4.6 Spellcasting
 + Level 4.7 Conjurations
 + Level 5.4 Fire Magic


You had 3 spell levels left.
You knew the following spells:

 Your Spells              Type           Power      Damage    Failure   Level
a - Foxfire               Conj/Fire      100%       2x1d9     1%          1
b - Scorch                Fire           66%        2d8       1%          2
c - Conjure Flame         Conj/Fire      31%        6-21      3%          3
d - Inner Flame           Hex/Fire       19%        N/A       9%          3
e - Flame Wave            Conj/Fire      31%        2d8       11%         4

Your spell library contained the following spells:

 Spells                   Type           Power      Damage    Failure   Level
 Freeze                   Ice            20%        1d4       9%          1
 Sublimation of Blood     Necr           5%         N/A       13%         2
 Wereblood                Tmut           5%         N/A       13%         2
 Frozen Ramparts          Ice            10%        1d3       26%         3
 Hailstorm                Conj/Ice       17%        3d6       32%         4
 Summon Ice Beast         Ice/Summ       5%         N/A       63%         4
 Summon Mana Viper        Hex/Summ       5%         N/A       93%         5
 Monstrous Menagerie      Summ           2%         N/A       100%        7
 Summon Hydra             Summ           2%         N/A       100%        7


Dungeon Overview and Level Annotations

Branches:
Dungeon (7/15)             Temple (0/1) D:4

Shops:
D:4 ?*   D:5 [   D:6 *

Annotations:
D:3 3 runed translucent doors, kobe's ghost, amateur OgAr
D:4 Edmund


Innate Abilities, Weirdness & Mutations

You have an increased reservoir of magic. (+10% MP)
You shall have no god before yourself.
Your divine heritage dramatically boosts your attributes as you level up.


Message History

The foxfire hits the orc warrior but does no damage.
The orc warrior is moderately wounded.
An orc priest comes into view. It is wielding a +0 flail.
The orc warrior barely misses you.
Casting: Foxfire (safe; 1% risk of failure)
Confirm with . or Enter, or press ? or * to list all spells.
You conjure some foxfire!
The orc priest shouts!
The orc priest looks satisfied for a moment.
The orc warrior hits you from afar with a +0 glaive!
The foxfire hits the orc warrior.
The orc warrior is heavily wounded.
The foxfire hits the orc warrior.
The orc warrior is heavily wounded.
The orc warrior hits you from afar with a +0 glaive!
Casting: Foxfire (safe; 1% risk of failure)
Confirm with . or Enter, or press ? or * to list all spells.
Aiming: Inner Flame (dangerous; 9% risk of failure)
Press: ? - help, Dir - move target, f - orc warrior
Aim: an orc warrior, wielding a +0 glaive and wearing a +0 chain mail (heavily wounded, chance to affect: 74%)
The orc warrior struggles to resist.
The orc warrior hits you from afar with a +0 glaive.
Casting: Inner Flame (dangerous; 9% risk of failure)
Confirm with . or Enter, or press ? or * to list all spells.
You conjure some foxfire!
The orc warrior hits you from afar with a +0 glaive!
* * * LOW HITPOINT WARNING * * *
The foxfire hits the orc warrior but does no damage.
The orc warrior is heavily wounded.
The foxfire hits the orc warrior.
The orc warrior is severely wounded.
The orc warrior completely misses you.
Casting: Foxfire (safe; 1% risk of failure)
Confirm with . or Enter, or press ? or * to list all spells.
Aiming: Inner Flame (dangerous; 9% risk of failure)
Press: ? - help, Dir - move target, f/p - orc warrior
Aim: an orc warrior, wielding a +0 glaive and wearing a +0 chain mail (severely wounded, chance to affect: 74%)
The orc warrior struggles to resist.
The orc warrior hits you from afar with a +0 glaive!
You die...

#.#.#.#.#
#.#.#.#.#
#.#.#.#.#
#.#.#.#.#
#.#.#.#.##
# #.#..#
#.##.#
#.##)#
#ยงยง@.#
##).##
ho.##
..o##
..... ..#.
... !.#


You could see an orc warrior, a hound and an orc priest.

Vanquished Creatures
  Sigmund (D:3)
  Menkaure (D:4)
  2 water moccasins (D:7)
  A sky beast (D:5)
  A black bear (D:6)
  3 ogres (D:6)
  4 scorpions
  2 bullfrogs (D:6)
  A howler monkey (D:6)
  A jelly (D:5)
  2 hounds
  2 orc priests (D:6)
  2 iguanas
  4 orc wizards
  4 gnolls (D:2)
  12 adders
  2 white imps
  2 ufetubi
  3 worms
  3 dart slugs
  14 orcs
  6 endoplasms
  6 giant cockroaches
  6 goblins
  8 hobgoblins
  12 jackals
  6 quokkas
  13 ball pythons
  8 bats
  A frilled lizard (D:3)
  10 kobolds
  11 rats
  A spectral kobold (D:1)
155 creatures vanquished.

Vanquished Creatures (others)
  549 foxfires
549 creatures vanquished.

Grand Total: 704 creatures vanquished

Notes
Turn   | Place    | Note
-------+----------+-------------------------------------------
     0 | D:1      | kae the Demigod Fire Elementalist began the quest for the
                  | Orb.
     0 | D:1      | Reached XP level 1. HP: 14/14 MP: 5/5
    90 | D:1      | Reached skill level 1 in Conjurations
   427 | D:1      | Reached XP level 2. HP: 5/22 MP: 4/7
  1738 | D:2      | Reached XP level 3. HP: 27/27 MP: 1/8
  1741 | D:2      | Learned a level 2 spell: Scorch
  1745 | D:2      | Learned a level 3 spell: Conjure Flame
  1995 | D:2      | Reached skill level 1 in Fighting
  2196 | D:2      | Reached XP level 4. HP: 18/35 MP: 3/10
  3520 | D:3      | Found a runed translucent gate.
  3520 | D:3      | Found a runed translucent gate.
  3521 | D:3      | Found a runed translucent gate.
  3523 | D:3      | Noticed kobe's ghost (amateur OgAr)
  3799 | D:3      | Reached XP level 5. HP: 40/41 MP: 7/11
  4195 | D:3      | Noticed Sigmund
  4207 | D:3      | Learned a level 3 spell: Inner Flame
  4284 | D:3      | Killed Sigmund
  4285 | D:3      | Reached XP level 6. HP: 19/48 MP: 2/13
  4789 | D:4      | Found a staircase to the Ecumenical Temple.
  4802 | D:4      | Found Niykhloch's Magic Scroll Emporium.
  4808 | D:4      | Bought a scroll of fear for 45 gold pieces
  4808 | D:4      | Bought a scroll of identify for 26 gold pieces
  4941 | D:4      | Found Xuuf's Lightly-Used Armoury.
  5035 | D:4      | Noticed Edmund
  5108 | D:4      | Noticed Menkaure
  5117 | D:4      | Killed Menkaure
  5854 | D:5      | Entered Level 5 of the Dungeon
  6000 | D:5      | Reached XP level 7. HP: 56/56 MP: 11/15
  6274 | D:5      | Found Jieclet's Armour Shop.
  7400 | D:6      | Found Tico's Assorted Antiques.
  7449 | D:6      | Bought a scroll labelled MOKHOG YMICI for 28 gold pieces
  7449 | D:6      | Bought a scroll labelled TAUMAN WI NIUPP for 28 gold pieces
  7582 | D:6      | Learned a level 4 spell: Flame Wave
  7741 | D:6      | Reached XP level 8. HP: 42/66 MP: 5/17
  7871 | D:6      | Identified the ring "Ryumis" {rElec rF- Will+ Int+4}
  8053 | D:6      | Reached skill level 5 in Fire Magic
  8965 | D:7      | Noticed a four-headed hydra
  9515 | D:7      | Reached skill level 5 in Dodging
  9524 | D:7      | Slain by an orc warrior

Illustrated notes

Levels and vault maps discovered:
D:1:      saegor_arrival_simple_d, layout_loops_ring,
          dreamdust_ecumenical_altar_drowned_temple
D:2:      layout_loops_ring, grunt_ministairs_6, kennysheep_cross_room,
          minmay_misc_feat_secret_circle, minmay_hexomino_c4
D:3:      layout_loops_ring, nicolae_hepliaklqana_ecumenical_no_more,
          nicolae_uskayaw_murder_on_the_dancefloor, gammafunk_ghost_necromancy,
          uniq_sigmund
D:4:      minmay_skewed_foursquare, layout_basic,
          minmay_temple_entry_butterflies, serial_shops, shop_fountains,
          minmay_shop_damaged, uniq_edmund, uniq_menkaure
D:5:      layout_basic, serial_shops, kennysheep_mini,
          chequers_serial_rivers_large_b
D:6:      minmay_evil_eye, layout_loops_ring, mainiacjoe_overflow_alcove_2,
          serial_shops, shop
D:7:      layout_rooms, serial_co_window_serial, co_window_paths_a,
          co_window_corner_a, co_window_cross_1, co_window_paths_b,
          co_window_paths_a, co_window_broadway_b, co_window_unsneaky_path_c,
          co_window_2corner, co_window_corner_cb, co_window_paths_e,
          co_window_paths_d, glass_columns_a, glass_columns_b, glass_columns_a,
          glass_columns_b, amcnicky_mini_pool_small, uniq_duvessa,
          uniq_prince_ribbit1

Skill      XL: |  1  2  3  4  5  6  7  8 |
---------------+-------------------------+-----
Conjurations   | 1 2 3 4 |  4.7
Dodging        | 2 3 4 5 |  5.0
Spellcasting   | 2 3 4 |  4.6
Fire Magic     | 3 4 5 |  5.4
Fighting       | 1 2 3 4 |  4.5
Stealth        | |  1.7

Action                   |  1- 3 |  4- 6 |  7- 9 || total
-------------------------+-------+-------+-------++-------
Melee: Unarmed           |    14 |     3 |       ||    17
 Cast: Foxfire           |   110 |   140 |    81 ||   331
       Scorch            |     2 |    13 |    36 ||    51
       Inner Flame       |       |     3 |     2 ||     5
       Conjure Flame     |       |       |     5 ||     5
       Flame Wave        |       |       |     3 ||     3
  Use: Potion            |     4 |     6 |     1 ||    11
       Scroll            |     5 |     5 |     2 ||    12
Armor: Robe              |    24 |    15 |    12 ||    51
Dodge: Dodged            |    56 |    37 |    35 ||   128

Table legend: (Time is in decaauts)
 A = Elapsed time spent in this place.
 B = Non-inter-level travel time spent in this place.
 C = Inter-level travel time spent in this place.
 D = Time resting spent in this place.
 E = Time spent auto-exploring this place.
 F = Levels seen in this place.
 G = Mean time per level.
                   A        B        C        D        E       F      G
               +--------+--------+--------+--------+--------+-----+--------+
         Total |   9545 |   9310 |    235 |    208 |   7789 |   7 | 1363.6 |
       Dungeon |   9545 |   9310 |    235 |    208 |   7789 |   7 | 1363.6 |
               +--------+--------+--------+--------+--------+-----+--------+

Top non-repeatable levels by time:
     D:6: 1744 daAuts
     D:1: 1723 daAuts
     D:2: 1611 daAuts
     D:5: 1440 daAuts
     D:3: 1317 daAuts
     D:4: 1195 daAuts
     D:7: 512 daAuts
